 Dungeon Crawl Stone Soup version 0.31-a0-810-ga77100ea1a (webtiles) character file.

Game seed: 4814139341074924520

28 Dittersdorf the Covered (level 3, 0/23 HPs)
             Began as a Gargoyle Fighter on Sept 21, 2023.
             Frozen to death by an endoplasm (3 damage)
             ... on level 2 of the Dungeon.
             The game lasted 00:01:59 (673 turns).

Dittersdorf the Covered (Gargoyle Fighter)           Turns: 673, Time: 00:01:59

Health: 0/23       AC: 11    Str: 21    XL:     3   Next: 12%
Magic:  3/3        EV:  9    Int:  8    God:
Gold:   96         SH:  4    Dex:  9    Spells: 2/2 levels left

rFire   . . .        a - +0 flail
rCold   . . .        c - +0 buckler
rNeg    + . .        b - +0 scale mail
rPois   ∞            j - +0 helmet
rElec   +            (no cloak)
rCorr   .            (no gloves)
SInv    .            (no boots)
Will    .....        (no amulet) Stlth
                     (no ring)
HPRegen 0.23/turn    (no ring)
MPRegen 0.08/turn

%: no passive effects
@: about to teleport
A: sickness immunity, AC +3, negative energy resistance 1, electricity
resistance, torment resistance 1, petrification resistance
a: no special abilities


You were on level 2 of the Dungeon.
You visited 1 branch of the dungeon, and saw 2 of its levels.

You collected 96 gold pieces.

Inventory:

Hand Weapons
 a - a +0 flail (weapon)
Missiles
 i - 6 darts of dispersal (quivered)
Armour
 b - a +0 scale mail (worn)
 c - a +0 buckler (worn)
 j - a +0 helmet (worn)
Jewellery
 m - a ring of fire
Scrolls
 g - a scroll of blinking {unknown}
 h - a scroll of amnesia {unknown}
 k - a scroll of noise {unknown}
 n - a scroll of identify {unknown}
Potions
 d - a potion of might
 e - a potion of heal wounds {unknown}
 l - a potion of degeneration {unknown}


   Skills:
 + Level 3.6 Fighting
 + Level 2.4 Maces & Flails
 + Level 3.6 Armour
 + Level 3.6 Shields


You had 2 spell levels left.
You didn't know any spells.
Your spell library was empty.

Dungeon Overview and Level Annotations

Branches:
Dungeon (2/15)

Altars:

Annotations:
D:1 1 transporter
D:2 Robin


Innate Abilities, Weirdness & Mutations

You are immune to sickness and miasma.
Your stone body is resilient. (AC +3)
You are immune to poison.
You resist negative energy. (rN+)
You are resistant to electric shocks. (rElec)
You are resistant to unholy torment.
You are immune to petrification.


Message History

The goblins go into a battle-frenzy!
The endoplasm freezes you.
You are frozen.
The goblin hits you with a +0 dagger. x2
The endoplasm freezes you.
You are frozen.
The hobgoblin barely misses you. The goblin closely misses you.
The goblin hits you but does no damage.
You barely miss the goblin.
The goblin is moderately wounded.
The goblin closely misses you. You block the goblin's attack.
The endoplasm barely misses you. The goblin closely misses you.
The goblin hits you but does no damage. The hobgoblin barely misses you.
The goblin barely misses you.
You barely miss the goblin.
The goblin is moderately wounded.
The goblin hits you but does no damage. The goblin closely misses you.
The hobgoblin hits you but does no damage.
The endoplasm barely misses you. The goblin hits you with a +0 dagger.
The goblin barely misses you. Robin throws the goblin at you!
The goblin closely misses you. The goblin hits you with a +0 dagger.
* * * LOW HITPOINT WARNING * * *
You are too injured to fight recklessly!
You are too injured to fight recklessly!
You are too injured to fight recklessly!
You are too injured to fight recklessly!
You are too injured to fight recklessly!
You are too injured to fight recklessly!
You are too injured to fight recklessly!
You are too injured to fight recklessly!
You are too injured to fight recklessly!
You are too injured to fight recklessly!
You are too injured to fight recklessly!
You are too injured to fight recklessly!
As you read the scroll labelled FEEMOX WOCEHADGH, it crumbles to dust.
You feel strangely unstable.
It was a scroll of teleportation.
The goblin completely misses you. The hobgoblin barely misses you.
The goblin barely misses you.
The endoplasm jiggles.
The endoplasm freezes you.
You are frozen.
You die...

### ..# .... ..#. ..#
... ... ..# ...#..# ..#
.g...##### ..#
#......... ..#
#ggg...... ..#
#gggg..... ..#
#g@Jg..... ..#
#ggg...... ..#
##.##..... ).#
##...##.... .†# #####
###..~..#.... .... ...#
#...~≈~......
##.#####.###.#..~..##.##
#...........##...## #
######.#.#######.##


You could see Robin, an endoplasm, 4 hobgoblins and 8 goblins.

Vanquished Creatures
  2 bats (D:1)
  4 endoplasms (D:1)
  3 giant cockroaches
  2 goblins (D:1)
  3 hobgoblins
  4 kobolds
  A quokka (D:1)
  2 ball pythons
  A rat (D:1)
22 creatures vanquished.

Notes
Turn   | Place    | Note
-------+----------+-------------------------------------------
     0 | D:1      | Dittersdorf the Gargoyle Fighter began the quest for the
                  | Orb.
     0 | D:1      | Reached XP level 1. HP: 14/14 MP: 1/1
   145 | D:1      | Reached XP level 2. HP: 19/19 MP: 2/2
   595 | D:2      | Reached XP level 3. HP: 22/23 MP: 3/3
   667 | D:2      | Noticed Robin
   673 | D:2      | Frozen to death by an endoplasm

Illustrated notes

Levels and vault maps discovered:
D:1:      spicycebolla_arrival_risky_transporter, layout_rooms
D:2:      layout_basic, amcnicky_mini_pool_small, uniq_robin

Action                     || total
---------------------------++-------
  Melee: Flail             ||    74
    Use: Scroll            ||     1
 Armour: Scale mail        ||    62
  Dodge: Dodged            ||    55
  Block: Buckler           ||    16

Table legend: (Time is in decaauts)
 A = Elapsed time spent in this place.
 B = Non-inter-level travel time spent in this place.
 C = Inter-level travel time spent in this place.
 D = Time resting spent in this place.
 E = Time spent auto-exploring this place.
 F = Levels seen in this place.
 G = Mean time per level.
                   A        B        C        D        E       F      G
               +--------+--------+--------+--------+--------+-----+--------+
         Total |    697 |    674 |     23 |      0 |    497 |   2 |  348.5 |
       Dungeon |    697 |    674 |     23 |      0 |    497 |   2 |  348.5 |
               +--------+--------+--------+--------+--------+-----+--------+

Top non-repeatable levels by time:
     D:1: 507 daAuts
     D:2: 189 daAuts
